Workbook
Name ADMINISTRATIVA: '[1]ADVA FUNCION'!$A$3:$C$41
Name admvasep: '[2]acomodo administrativa'!#REF!
Name ADVAAGOSTO: '[2]acomodo administrativa'!#REF!
Name ADVAJUNIO: '[2]acomodo administrativa'!#REF!
Name cataadva: '[2]acomodo administrativa'!#REF!
Name catafun: #REF!
Name cataorden: '[2]balanza acomodo'!$A$2:$G$1593
Name cataprograma: [2]acomodoprog!#REF!
Name FUNC: '[1]ADVA FUNCION'!$D$47:$F$94
Name funcata: #REF!
Name FUNCIONAL: '[1]ADVA FUNCION'!$D$47:$F$94
Name FUNCIONALENE: #REF!
Name funjunio: #REF!
Name juladva: '[2]acomodo administrativa'!#REF!
Name JULFUN: #REF!

Sheet F1. ESF
E1: FISCALIA ESPECIALIZADA EN COMBATE A LA CORRUPCIÓN DEL ESTADO DE DURANGO
E2: Estado de Situación Financiera Detallado - LDF
E3: Al 31 de diciembre de 2020 y al 31 de diciembre de 2021
E4: (Pesos)
D5: Ente Público: | E5: (Pesos)
C7: Concepto | F7: 31 de diciembre 2021 | G7: 31 de diciembre 2020 | I7: Concepto | L7: 31 de diciembre 2021 | M7: 31 de diciembre 2020
C9: ACTIVO | I9: PASIVO
C10: Activo Circulante | I10: Pasivo Circulante
C11: a. Efectivo y Equivalentes de Efectivo (a=a1+a2+a3,a4+a5+a6+a7) | F11: =SUM(F12:F18) -> 2346584.8 | G11: =SUM(G12:G18) -> 1815625.7 | I11: a. Cuentas por Pagar de Corto Plazo (a=a1+a2+a3+a4+a5+a6+a7+a8+a9) | L11: =SUM(L12:L20) -> 1195514.6 | M11: =SUM(M12:M20) -> 721131.57
C12: a1) | D12: Efectivo | F12: 0 | G12: 0 | I12: a1) | J12: Servicios Personales | L12: 375.28 | M12: 0.17
C13: a2) | D13: Bancos/tesoreria | F13: 2346584.8 | G13: 1815625.7 | I13: a2) | J13: Proveedores | L13: 12326.47 | M13: 33962.28
C14: a3) | D14: Bancos/Dependencias y otros | F14: 0 | G14: 0 | I14: a3) | J14: Contratistas por Obras Públicas | L14: 0 | M14: 0
C15: a4) | D15: Inversiones Temporales (hasta 3 meses) | F15: 0 | G15: 0 | I15: a4) | J15: Participaciones y Aportaciones | L15: 0 | M15: 0
C16: a5) | D16: Fondos con Afectación Especifica | F16: 0 | G16: 0 | I16: a5) | J16: Transferencias Otorgadas | L16: 0 | M16: 0
C17: a6) | D17: Depósitos de fondos de Terceros | F17: 0 | G17: 0 | I17: a6) | J17: Intereses, Comisiones y Otros Gastos de la Deuda Pública | L17: 0 | M17: 0
C18: a7) | D18: Otros Efectivos y Equivalentes | F18: 0 | G18: 0 | I18: a7) | J18: Retenciones y Contribuciones | L18: 1182812.2 | M18: 674670.32
C19: b. Derechos a Recibir Efectivo o Equivalentes (b=b1+b2+b3,b4+b5+b6+b7) | F19: =SUM(F20:F26) -> 4228.15 | G19: =SUM(G20:G26) -> 11508.84 | I19: a8) | J19: Devoluciones de la Ley de Ingresos | L19: 0 | M19: 0
C20: b1) | D20: Inversiones Financieras | F20: 0 | G20: 0 | I20: a9) | J20: Otras Cuentas por Pagar | L20: 0.6 | M20: 12498.8
C21: b2) | D21: Cuentas por Cobrar | F21: 0 | G21: 0 | I21: b. Documentos por Pagar a Corto Plazo (b=b1+b2+b3) | L21: =SUM(L22:L24) -> 0 | M21: =SUM(M22:M24) -> 0
C22: b3) | D22: Deudores Diversos | F22: 4228.15 | G22: 11508.84 | I22: b1) | J22: Documentos Comerciales por Pagar a Corto Plazo | L22: 0 | M22: 0
C23: b4) | D23: Ingresos por Recuperar | F23: 0 | G23: 0 | I23: b2) | J23: Documentos con Contratistas por Obras Públicas por Pagar a Corto Plazo | L23: 0 | M23: 0
C24: b5) | D24: Deudores por Anticipos de la Tesoreria | F24: 0 | G24: 0 | I24: b3) | J24: Otros Documentos por Pagar a Corto Plazo | L24: 0 | M24: 0
C25: b6) | D25: Prestamos Otorgados | F25: 0 | G25: 0 | I25: c. Porción de Corto Plazo de la Deuda Pública de Largo Plazo (c=c1+c2) | L25: =SUM(L26:L27) -> 0 | M25: =SUM(M26:M27) -> 0
C26: b7) | D26: Otros Derechos a Recibir Efectivo o Equivalentes | F26: 0 | G26: 0 | I26: c1) | J26: Porción a Corto Plazo de la Deuda Pública de Largo Plazo | L26: 0 | M26: 0
C27: c. Derechos a Recibir Bienes o Servicios (c=c1+c2+c3+c4+c5) | F27: =SUM(F28:F32) -> 41.93 | G27: =SUM(G28:G32) -> 50.86 | I27: c2) | J27: Porción a Corto Plazo de Arrendamiento Financiero | L27: 0 | M27: 0
A28: 11310000 | C28: c1) | D28: Anticipo a Proveedores por Adquisición de Bienes y Prestación de Servicios a Corto Plazo | F28: 41.93 | G28: 50.86 | I28: d. Títulos y Valores a Corto Plazo | L28: 0 | M28: 0
A29: 11320000 | C29: c2) | D29: Anticipo a Proveedores por Adquisición de Bienes Inmuebles y Muebles a Corto Plazo | F29: 0 | G29: 0 | I29: e. Pasivos Diferidos a Corto Plazo (e=e1+e2+e3) | L29: =SUM(L30:L32) -> 0 | M29: =SUM(M30:M32) -> 0
A30: 11330000 | C30: c3) | D30: Anticipo a Proveedores por Adquisición de Bienes Intangibles a Corto Plazo | F30: 0 | G30: 0 | I30: e1) | J30: Ingresos Cobrados por Adelantado a Corto Plazo | L30: 0 | M30: 0
A31: 11340000 | C31: c4) | D31: Anticipo a Contratistas por Obras Públicas a Corto Plazo | F31: 0 | G31: 0 | I31: e2) | J31: Intereses Cobrados por Adelantado a Corto Plazo | L31: 0 | M31: 0
A32: 11390000 | C32: c5) | D32: Otros Derechos a Recibir Bienes o Servicios a Corto Plazo | F32: 0 | G32: 0 | I32: e3) | J32: Otros Pasivos Diferidos a Corto Plazo | L32: 0 | M32: 0
C33: d. Inventarios (d=d1+d2+d3+d4+d5) | F33: =SUM(F34:F38) -> 0 | G33: =SUM(G34:G38) -> 0 | I33: f. Fondos y Bienes de Terceros en Garantía y/o Administracion a Corto Plazo (f=f1+f2+f3+f4+f5+f6) | L33: =SUM(L34:L39) -> 0 | M33: =SUM(M34:M39) -> 0
A34: 11410000 | C34: d1) | D34: Inventarios de Mercancias para Venta | F34: 0 | G34: 0 | I34: f1) | J34: Fondos en Garantía a Corto Plazo | L34: 0 | M34: 0
A35: 11420000 | C35: d2) | D35: Inventarios de Vercancias Terminadas | F35: 0 | G35: 0 | I35: f2) | J35: Fondos en Administración a Corto Plazo | L35: 0 | M35: 0
A36: 11430000 | C36: d3) | D36: Inventarios de Mercancias en Proceso de Elaboración | F36: 0 | G36: 0 | I36: f3) | J36: Fondos en Contingentes a Corto Plazo | L36: 0 | M36: 0
A37: 11440000 | C37: d4) | D37: Inventarios de Materias Primas, Materiales y Suministros para Producción | F37: 0 | G37: 0 | I37: f4) | J37: Fondos de Fideicomisos, Mandatos y Contratos Análogos a Corto Plazo | L37: 0 | M37: 0
A38: 11450000 | C38: d5) | D38: Bienes en Tránsito | F38: 0 | G38: 0 | I38: f5) | J38: Otros Fondos de Terceros en Garantía y/o Administración a Corto Plazo | L38: 0 | M38: 0
C39: e. Almacenes | F39: 0 | G39: 0 | I39: f6) | J39: Valores y Bienes en Garantía a Corto Plazo | L39: 0 | M39: 0
C40: f. Estimación por Pérdida o Deterioro de Activos Circulantes (f=f1+f2) | F40: =SUM(F41:F42) -> 0 | G40: =SUM(G41:G42) -> 0 | I40: g. Provisiones a Corto Plazo (g=g1+g2+g3) | L40: =SUM(L41:L43) -> 0 | M40: =SUM(M41:M43) -> 0
C41: f1) | D41: Estimaciones para Cuentas Incobrables por Derechos a Recibir Efectivo o equivalentes | F41: 0 | G41: 0 | I41: g1) | J41: Provisión para Demandas y Juicios a Corto Plazo | L41: 0 | M41: 0
C42: f2) | D42: Estimación por Deterioro de Inventarios | F42: 0 | G42: 0 | I42: g2) | J42: Provisión para Contingencias a Corto Plazo | L42: 0 | M42: 0
C43: g. Otros activos circulantes (g=g1+g2+g3+g4) | F43: =SUM(F44:F47) -> 0 | G43: =SUM(G44:G47) -> 0 | I43: g3) | J43: Otras Provisiones a Corto Plazo | L43: 0 | M43: 0
C44: g1) | D44: Valores en Garantía | F44: 0 | G44: 0 | I44: h. Otros Pasivos a Corto Plazo (h=h1+h2+h3) | L44: =SUM(L45:L47) -> 0 | M44: =SUM(M45:M47) -> 0
C45: g2) | D45: Bienes en Garantía (Excluye Depósitos de Fondos) | F45: 0 | G45: 0 | I45: h1) | J45: Ingresos por Clasificar | L45: 0 | M45: 0
C46: g3) | D46: Bienes Derivados de Embargos, Decomisos, Aseguramientos y Dación en Pago | F46: 0 | G46: 0 | I46: h2) | J46: Recaudación por Participar | L46: 0 | M46: 0
C47: g4) | D47: Adquisición con Fondos de Terceros | F47: 0 | G47: 0 | I47: h3) | J47: Otros Pasivos Circulantes | L47: 0 | M47: 0
I48: IIA. Total de Pasivos Circulantes (IIA= a+b+c+d+e+f+g+h) | L48: =+L11+L21+L25+L28+L29+L33+L40+L44 -> 1195514.6 | M48: =+M11+M21+M25+M28+M29+M33+M40+M44 -> 721131.57
C49: IA) Total de Activos Circulantes (IA=a+b+c+d+e+f+g) | F49: =+F11+F19+F27+F33+F39+F40+F43 -> 2350854.9 | G49: =+G11+G19+G27+G33+G39+G40+G43 -> 1827185.4
I50: Pasivo No Circulante
C51: Activo No Circulante | F51: 0 | G51: 0 | I51: a. Cuentas por Pagar de Largo Plazo | L51: 0 | M51: 0
C52: a. Inversiones Financieras a Largo Plazo | F52: 0 | G52: 0 | I52: b. Documentos por Pagar a Largo Plazo | L52: 0 | M52: 0
C53: b. Derechos a Recibir Efectivo o Equivalentes a Largo Plazo | F53: 13978 | G53: 8878 | I53: c. Deúda Pública a Largo Plazo | L53: 0 | M53: 0
C54: c. Bienes Inmuebles, Infraestructura y Construcciones en Proceso | F54: 0 | G54: 0 | I54: d. Pasivos Diferidos a Largo Plazo | L54: 0 | M54: 0
C55: d. Bienes Muebles | F55: 4563139.2 | G55: 3560014.1 | I55: e. Fondos y Bienes de Terceros en Garantía y/o Administración a Largo Plazo | L55: 0 | M55: 0
C56: e. Activos Intangibles | F56: 75229.52 | G56: 67350.8 | I56: f. Provisiones a Largo Plazo | L56: 0 | M56: 0
C57: f. Depreciación, Deterioro y Amortización Acumulada de Bienes | F57: -1556172.4 | G57: -736349.76 | I57: IIB. Total de Pasivos No Circulantes (a+b+c+d+e+f) | L57: =SUM(L51:L56) -> 0 | M57: =SUM(M51:M56) -> 0
C58: g. Activos Diferidos | F58: 0 | G58: 0
C59: h. Estimación por Pérdida o Deterioro de Activos no Circulantes | F59: 0 | G59: 0 | I59: II. Total del Pasivo (II=IIA+IIB) | L59: =+L48+L57 -> 1195514.6 | M59: =+M48+M57 -> 721131.57
C60: i. Otros Activos no Circulantes | F60: 16240 | G60: 0
I61: HACIENDA PUBLICA/PATRIMONIO
C62: IB. Total de Activos No Circulantes (IB=a+b+c+d+e+f+g+h+i) | F62: =SUM(F51:F61) -> 3112414.3 | G62: =SUM(G51:G61) -> 2899893.1 | I62: IIIA. Hacienda Pública/Patrimonio Contribuido (IIIA=a+b+c) | L62: =SUM(L63:L65) -> 0 | M62: =SUM(M63:M65) -> 0
I63: a. Aportaciones | L63: 0 | M63: 0
C64: I. Total del Activo I=IA+IB) | F64: =+F49+F62 -> 5463269.2 | G64: =+G49+G62 -> 4727078.6 | I64: b. Donaciones de Capital | L64: 0 | M64: 0
I65: c. Actualizaciones del Patrimonio | L65: 0 | M65: 0
I66: IIIB. Hacienda Pública/Patrimonio Generado (IIIB=a+b+c+d+e) | L66: =SUM(L67:L71) -> 5468083 | M66: =SUM(M67:M71) -> 4005947
I67: a. Resultado del Ejercicio (Ahorro/desahorro) | L67: 1468036.7 | M67: 1501588.9
I68: b. Resultado de Ejercicios Anteriores | L68: 4005947 | M68: 2504358.1
I69: c. Revalúos | L69: 0 | M69: 0
I70: d. Reservas | L70: 0 | M70: 0
I71: e. Rectificaciones de Resultados de Ejercicios Anteriores | L71: -5900.62 | M71: 0
I72: IIIC. Exceso o Insuficiencia en la Actualizacion de la Hacienda Pública/Patrimonio (IIIC=a+b) | L72: =SUM(L73:L74) -> 0 | M72: =SUM(M73:M74) -> 0
I73: a. Resultado por Posición Monetaria | L73: 0 | M73: 0
I74: b. Resultado por Tenencia de Activos no Monetarios | L74: 0 | M74: 0
I75: III. Total Hacienda Pública/Patrimonio (III=IIIA+IIIB+IIIC) | L75: =+L62+L66+L72 -> 5468083 | M75: =+M62+M66+M72 -> 4005947
I76: IV. Total del Pasivo y Hacienda Pública/Patrimonio (IV=II+III) | L76: =+L59+L75 -> 6663597.6 | M76: =+M59+M75 -> 4727078.6

Sheet F2. IADPyOP
A1: F2 | B1: Informe Analítico de la Deuda Pública y Otros Pasivos - LDF
A2: FISCALIA ESPECIALIZADA EN COMBATE A LA CORRUPCIÓN DEL ESTADO DE DURANGO
A3: Informe Analítico de la Deuda Pública y Otros Pasivos - LDF
A4: Del 1 de enero al 31 de diciembre de 2021 (b)
A5: (PESOS)
A6: Denominación de la Deuda Pública y Otros Pasivos (c) | C6: Saldo al 31 de diciembre de 2020(d) | D6: Disposiciones del Periodo (e) | E6: Amortizaciones del Periodo (f) | F6: Revaluaciones, Reclasificaciones y Otros Ajustes (g) | G6: Saldo Final del Periodo (h) | H6: Pago de Intereses del Periodo (i) | I6: Pago de Comisiones y demás costos asociados durante el Periodo (j)
G7: h=d+e-f+g
A9: 1. Deuda Pública (1=A+B) | C9: =+C10+C14 -> 0 | D9: =+D10+D14 -> 0 | E9: =+E10+E14 -> 0 | F9: =+F10+F14 -> 0 | G9: =+G10+G14 -> 0 | H9: =+H10+H14 -> 0 | I9: =+I10+I14 -> 0
A10: A. Corto Plazo (A=a1+a2+a3) | C10: =SUM(C11:C13) -> 0 | D10: =SUM(D11:D13) -> 0 | E10: =SUM(E11:E13) -> 0 | F10: =SUM(F11:F13) -> 0 | G10: =SUM(G11:G13) -> 0 | H10: =SUM(H11:H13) -> 0 | I10: =SUM(I11:I13) -> 0
B11: a1) Instituciones de Crédito | C11: 0 | D11: 0 | E11: 0 | F11: 0 | G11: =SUM(C11:F11) -> 0 | H11: 0 | I11: 0
B12: a2) Títulos y Valores | C12: 0 | D12: 0 | E12: 0 | F12: 0 | G12: =SUM(C12:F12) -> 0 | H12: 0 | I12: 0
B13: a3) Arrendamientos Financieros | C13: 0 | D13: 0 | E13: 0 | F13: 0 | G13: =SUM(C13:F13) -> 0 | H13: 0 | I13: 0
A14: B. Largo Plazo (B=b1+b2+b3) | C14: =SUM(C15:C17) -> 0 | D14: =SUM(D15:D17) -> 0 | E14: =SUM(E15:E17) -> 0 | F14: =SUM(F15:F17) -> 0 | G14: =+G15+G16+G17 -> 0 | H14: =SUM(H15:H17) -> 0 | I14: =SUM(I15:I17) -> 0
B15: b1) Instituciones de Crédito | C15: 0 | D15: 0 | E15: 0 | F15: 0 | G15: =+C15+D15-E15+F15 -> 0 | H15: 0 | I15: 0
B16: b2) Títulos y Valores | C16: 0 | D16: 0 | E16: 0 | F16: 0 | G16: =SUM(C16:F16) -> 0 | H16: 0 | I16: 0
B17: b3) Arrendamientos Financieros | C17: 0 | D17: 0 | E17: 0 | F17: 0 | G17: =SUM(C17:F17) -> 0 | H17: 0 | I17: 0
A18: 2. Otros Pasivos | C18: 721131.57 | D18: 0 | E18: 0 | F18: 0 | G18: 1195515 | H18: 0 | I18: 0
A20: 3. Total de la Deuda Pública y Otros Pasivos (3=1+2) | C20: =+C9+C18 -> 721131.57 | D20: =+D9+D18 -> 0 | E20: =+E9+E18 -> 0 | F20: =+F9+F18 -> 0 | G20: =+G9+G18 -> 1195515 | H20: =+H9+H18 -> 0 | I20: =+I9+I18 -> 0
A22: 4. Deuda Contingente (1) (informativo) | C22: =SUM(C23:C25) -> 0 | D22: =SUM(D23:D25) -> 0 | E22: =SUM(E23:E25) -> 0 | F22: =SUM(F23:F25) -> 0 | G22: =SUM(G23:G25) -> 0 | H22: =SUM(H23:H25) -> 0 | I22: =SUM(I23:I25) -> 0
A23: A. Deuda Contingente 1 | C23: 0 | D23: 0 | E23: 0 | F23: 0 | G23: =SUM(C23:F23) -> 0 | H23: 0 | I23: 0
A24: A. Deuda Contingente 2 | C24: 0 | D24: 0 | E24: 0 | F24: 0 | G24: =SUM(C24:F24) -> 0 | H24: 0 | I24: 0
A25: A. Deuda Contingente 3 | C25: 0 | D25: 0 | E25: 0 | F25: 0 | G25: =SUM(C25:F25) -> 0 | H25: 0 | I25: 0
A27: 5. Valor de Instrumentos Bono Cupón Cero (2) (Informativo) | C27: =SUM(C28:C30) -> 0 | D27: =SUM(D28:D30) -> 0 | E27: =SUM(E28:E30) -> 0 | F27: =SUM(F28:F30) -> 0 | G27: =SUM(G28:G30) -> 0 | H27: =SUM(H28:H30) -> 0 | I27: =SUM(I28:I30) -> 0
A28: A. Instrumento Cupón Cero 1 | C28: 0 | D28: 0 | E28: 0 | F28: 0 | G28: =SUM(C28:F28) -> 0 | H28: 0 | I28: 0
A29: A. Instrumento Cupón Cero 2 | C29: 0 | D29: 0 | E29: 0 | F29: 0 | G29: =SUM(C29:F29) -> 0 | H29: 0 | I29: 0
A30: A. Instrumento Cupón Cero 3 | C30: 0 | D30: 0 | E30: 0 | F30: 0 | G30: =SUM(C30:F30) -> 0 | H30: 0 | I30: 0
A32: 1. Se refiere a cualquier Financiamiento sin fuente o garantía de pago definida, que sea asumida de manera solidaria o subsidiaria por las Entidades Federativas con sus Municipios, organismos descentralizados y empresas de participación estatal mayoritaria y fideicomisos, locales o municipales, y por los Municipios con sus respectivos organismos descentralizados y empresas de participación municipal mayoritaria.
A33: 2. Se refiere al valor del Bono Cupón Cero que respalda el pago de los créditos asociados al mismo (Activo).
A35: Obligaciones a Corto Plazo (k) | C35: Monto | D35: Plazo | E35: Tasa de Interés | F35: Comisiones y Costos Relacionados (o) | G35: Tasa Efectiva
C36: Contratado (l) | D36: Pactado
D37: (m) | E37: (n) | G37: (p)
A38: 6. Obligaciones a Corto Plazo (Informativo)
A39: A. Crédito 1 | C39: 0 | E39: 0 | F39: 0 | G39: 0
A40: B. Crédito 2 | C40: 0 | E40: 0 | F40: 0 | G40: 0
A41: FUENTE: Elaborados con información del CONAC. Criterios para la elaboración y presentación homogénea de la información financiera y de los formatos a que hace referencia la Ley de Disciplina Financiera de las Entidades Federativas y los Municipios.
A42: NOTA: Se adjunta archivo con que contiene instructivo de llenado de los formatos “Cuadros CONAC Criterios”

Sheet F3. IAODF
A1: Formato 3 | B1: Informe Analítico de Obligaciones Diferentes de Financiamientos - LDF
A3: =+'F2. IADPyOP'!A2:I2 -> FISCALIA ESPECIALIZADA EN COMBATE A LA CORRUPCIÓN DEL ESTADO DE DURANGO
A4: Informe Analítico de Obligaciones Diferentes de Financiamientos – LDF
A5: Del 1 de enero al 31 de diciembre de 2021 (b)
A6: (PESOS)
A7: Denominación de las Obligaciones Diferentes de Financiamiento (c) | B7: Fecha del Contrato (d) | C7: Fecha de inicio de operación del proyecto (e) | D7: Fecha de vencimiento (f) | E7: Monto de la inversión pactado (g) | F7: Plazo pactado (h) | G7: Monto promedio mensual del pago de la contraprestación (i) | H7: Monto promedio mensual del pago de la contraprestación correspondiente al pago de inversión (j) | I7: Monto pagado de la inversión al 31 de diciembre de 2021 (k) | J7: Monto pagado de la inversión actualizado al 31 de diciembre de 2021 (l) | K7: Saldo pendiente por pagar de la inversión al 31 de diciembre de 2021 (m = g – l)
A9: A. Asociaciones Público Privadas (APP’s) (A=a+b+c+d) | E9: =+E10+E11+E12+E13 -> 0 | G9: =+G10+G11+G12+G13 -> 0 | H9: =+H10+H11+H12+H13 -> 0 | I9: =+I10+I11+I12+I13 -> 0 | J9: =+J10+J11+J12+J13 -> 0 | K9: =+K10+K11+K12+K13 -> 0
A10: a) APP 1 | E10: 0 | G10: 0 | H10: 0 | I10: 0 | J10: 0 | K10: 0
A11: b) APP 2 | E11: 0 | G11: 0 | H11: 0 | I11: 0 | J11: 0 | K11: 0
A12: c) APP 3 | E12: 0 | G12: 0 | H12: 0 | I12: 0 | J12: 0 | K12: 0
A13: d) APP XX | E13: 0 | G13: 0 | H13: 0 | I13: 0 | J13: 0 | K13: 0
A15: B. Otros Instrumentos (B=a+b+c+d) | E15: =+E16+E17+E18+E19 -> 0 | G15: =+G16+G17+G18+G19 -> 0 | H15: =+H16+H17+H18+H19 -> 0 | I15: =+I16+I17+I18+I19 -> 0 | J15: =+J16+J17+J18+J19 -> 0 | K15: =+K16+K17+K18+K19 -> 0
A16: a) Otro Instrumento 1 | E16: 0 | G16: 0 | H16: 0 | I16: 0 | J16: 0 | K16: 0
A17: b) Otro Instrumento 2 | E17: 0 | G17: 0 | H17: 0 | I17: 0 | J17: 0 | K17: 0
A18: c) Otro Instrumento 3 | E18: 0 | G18: 0 | H18: 0 | I18: 0 | J18: 0 | K18: 0
A19: d) Otro Instrumento XX | E19: 0 | G19: 0 | H19: 0 | I19: 0 | J19: 0 | K19: 0
A21: C. Total de Obligaciones Diferentes de Financiamiento (C=A+B) | E21: =+E9+E15 -> 0 | G21: =+G9+G15 -> 0 | H21: =+H9+H15 -> 0 | I21: =+I9+I15 -> 0 | J21: =+J9+J15 -> 0 | K21: =+K9+K15 -> 0

Sheet F4. BALPRESUP
D3: Balance Presupuestario - LDF
D5: FISCALIA ESPECIALIZADA EN COMBATE A LA CORRUPCIÓN DEL ESTADO DE DURANGO
D6: Balance Presupuestario - LDF
D7: Del 1 de enero al 31 de diciembre de 2021 (b)
D8: (PESOS)
D10: Concepto (c) | E10: Estimado/ Aprobado (d) | F10: Devengado | G10: Recaudado/ Pagado
D11: A. Ingresos Totales (A = A1+A2+A3) | E11: =+E12+E13+E14 -> 25409097 | F11: =+F12+F13+F14 -> 26863609 | G11: =+G12+G13+G14 -> 26863609
D12: A1. Ingresos de Libre Disposición | E12: 25409097 | F12: 26863609 | G12: 26863609
D13: A2. Transferencias Federales Etiquetadas | E13: =+'F5. EAID'!B63 -> 0 | F13: =+'F5. EAID'!C63 -> 0 | G13: =+'F5. EAID'!D63 -> 0
D14: A3. Financiamiento Neto | E14: =+E38 -> 0 | F14: =+F38 -> 0 | G14: =+G38 -> 0
D15: B. Egresos Presupuestarios1 (B = B1+B2) | E15: =+E16+E17 -> 25409097 | F15: =+F16+F17 -> 25711794 | G15: =+G16+G17 -> 25699405
D16: B1. Gasto No Etiquetado (sin incluir Amortización de la Deuda Pública) | E16: 25409097 | F16: 25711794 | G16: 25699405
D17: B2. Gasto Etiquetado (sin incluir Amortización de la Deuda Pública) | E17: =+'F6a. EAEPE OG'!D83-'F6a. EAEPE OG'!D149 -> 0 | F17: =+'F6a. EAEPE OG'!E83-'F6a. EAEPE OG'!E149 -> 0 | G17: =+'F6a. EAEPE OG'!F83-'F6a. EAEPE OG'!F149 -> 0
D18: C. Remanentes del Ejercicio Anterior ( C = C1 + C2 ) | E18: =+E19+E20 -> 0 | F18: =+F19+F20 -> 1109490 | G18: =+G19+G20 -> 1109490
D19: C1. Remanentes de Ingresos de Libre Disposición aplicados en el periodo | E19: 0 | F19: 1109490 | G19: 1109490
D20: C2. Remanentes de Transferencias Federales Etiquetadas aplicados en el periodo | E20: 0 | F20: 0 | G20: 0
D21: I. Balance Presupuestario (I = A – B + C) | E21: =+E11-E15+E18 -> 0 | F21: =+F11-F15+F18 -> 2261305 | G21: =+G11-G15+G18 -> 2273694
D22: II. Balance Presupuestario sin Financiamiento Neto (II = I - A3) | E22: =+E21-E38 -> 0 | F22: =+F21-F38 -> 2261305 | G22: =+G21-G38 -> 2273694
D23: III. Balance Presupuestario sin Financiamiento Neto y sin Remanentes del Ejercicio Anterior (III= II - C) | E23: =+E22-E18 -> 0 | F23: =+F22-F18 -> 1151815 | G23: =+G22-G18 -> 1164204
D25: Concepto | E25: Aprobado | F25: Devengado | G25: Pagado
D26: E. Intereses, Comisiones y Gastos de la Deuda (E = E1+E2) | E26: =+E27+E28 -> 0 | F26: =+F27+F28 -> 0 | G26: =+G27+G28 -> 0
D27: E1. Intereses, Comisiones y Gastos de la Deuda con Gasto No Etiquetado | E27: =+'F6a. EAEPE OG'!D77+'F6a. EAEPE OG'!D78+'F6a. EAEPE OG'!D79+'F6a. EAEPE OG'!D80+'F6a. EAEPE OG'!D81 -> 0 | F27: =+'F6a. EAEPE OG'!E77+'F6a. EAEPE OG'!E78+'F6a. EAEPE OG'!E79+'F6a. EAEPE OG'!E80+'F6a. EAEPE OG'!E81 -> 0 | G27: =+'F6a. EAEPE OG'!F77+'F6a. EAEPE OG'!F78+'F6a. EAEPE OG'!F79+'F6a. EAEPE OG'!F80+'F6a. EAEPE OG'!F81 -> 0
D28: E2. Intereses, Comisiones y Gastos de la Deuda con Gasto Etiquetado | E28: =+'F6a. EAEPE OG'!D150+'F6a. EAEPE OG'!D151+'F6a. EAEPE OG'!D152+'F6a. EAEPE OG'!D153+'F6a. EAEPE OG'!D154 -> 0 | F28: =+'F6a. EAEPE OG'!E150+'F6a. EAEPE OG'!E151+'F6a. EAEPE OG'!E152+'F6a. EAEPE OG'!E153+'F6a. EAEPE OG'!E154 -> 0 | G28: =+'F6a. EAEPE OG'!F150+'F6a. EAEPE OG'!F151+'F6a. EAEPE OG'!F152+'F6a. EAEPE OG'!F153+'F6a. EAEPE OG'!F154 -> 0
D29: IV. Balance Primario (IV = III + E) | E29: =+E23+E26 -> 0 | F29: =+F23+F26 -> 1151815 | G29: =+G23+G26 -> 1164204
D31: Concepto | E31: Estimado/ Aprobado | F31: Devengado | G31: Recaudado/ Pagado
D32: F. Financiamiento (F = F1 + F2) | E32: =+E33+E34 -> 0 | F32: =+F33+F34 -> 0 | G32: =+G33+G34 -> 0
D33: F1. Financiamiento con Fuente de Pago de Ingresos de Libre Disposición | E33: 0 | F33: 0 | G33: 0
D34: F2. Financiamiento con Fuente de Pago de Transferencias Federales Etiquetadas | E34: 0 | F34: 0 | G34: 0
D35: G. Amortización de la Deuda (G = G1 + G2) | E35: =+E36+E37 -> 0 | F35: =+F36+F37 -> 0 | G35: =+G36+G37 -> 0
D36: G1. Amortización de la Deuda Pública con Gasto No Etiquetado | E36: =+'F6a. EAEPE OG'!D76 -> 0 | F36: =+'F6a. EAEPE OG'!E76 -> 0 | G36: =+'F6a. EAEPE OG'!F76 -> 0
D37: G2. Amortización de la Deuda Pública con Gasto Etiquetado | E37: =+'F6a. EAEPE OG'!D149 -> 0 | F37: =+'F6a. EAEPE OG'!E149 -> 0 | G37: =+'F6a. EAEPE OG'!F149 -> 0
D38: A3. Financiamiento Neto (A3 = F – G ) | E38: =+E32-E35 -> 0 | F38: =+F32-F35 -> 0 | G38: =+G32-G35 -> 0
D40: Concepto | E40: Estimado/ Aprobado | F40: Devengado | G40: Recaudado/ Pagado
D41: A1. Ingresos de Libre Disposición | E41: =+E12 -> 25409097 | F41: =+F12 -> 26863609 | G41: =+G12 -> 26863609
D42: A3.1 Financiamiento Neto con Fuente de Pago de Ingresos de Libre Disposición (A3.1 = F1 – G1) | E42: =+E43-E44 -> 0 | F42: =+F43-F44 -> 0 | G42: =+G43-G44 -> 0
D43: F1. Financiamiento con Fuente de Pago de Ingresos de Libre Disposición | E43: =+E33 -> 0 | F43: =+F33 -> 0 | G43: =+G33 -> 0
D44: G1. Amortización de la Deuda Pública con Gasto No Etiquetado | E44: =+E36 -> 0 | F44: =+F36 -> 0 | G44: =+G36 -> 0
D45: B1. Gasto No Etiquetado (sin incluir Amortización de la Deuda Pública) | E45: =+E16 -> 25409097 | F45: =+F16 -> 25711794 | G45: =+G16 -> 25699405
D46: C1. Remanentes de Ingresos de Libre Disposición aplicados en el periodo | E46: =+E19 -> 0 | F46: =+F19 -> 1109490 | G46: =+G19 -> 1109490
D47: V. Balance Presupuestario de Recursos Disponibles (V = A1 + A3.1 – B 1 + C1) | E47: =+E41+E42-E45+E46 -> 0 | F47: =+F41+F42-F45+F46 -> 2261305 | G47: =+G41+G42-G45+G46 -> 2273694
D48: VI. Balance Presupuestario de Recursos Disponibles sin Financiamiento Neto (VI = V – A3.1) | E48: =+E47-E42 -> 0 | F48: =+F47-F42 -> 2261305 | G48: =+G47-G42 -> 2273694
D50: Concepto | E50: Estimado/ Aprobado | F50: Devengado | G50: Recaudado/ Pagado
D51: A2. Transferencias Federales Etiquetadas | E51: =+E13 -> 0 | F51: =+F13 -> 0 | G51: =+G13 -> 0
D52: A3.2 Financiamiento Neto con Fuente de Pago de Transferencias Federales Etiquetadas (A3.2 = F2 – G2) | E52: =+E53-E54 -> 0 | F52: =+F53-F54 -> 0 | G52: =+G53-G54 -> 0
D53: F2. Financiamiento con Fuente de Pago de Transferencias Federales Etiquetadas | E53: =+E34 -> 0 | F53: =+F34 -> 0 | G53: =+G34 -> 0
D54: G2. Amortización de la Deuda Pública con Gasto Etiquetado | E54: =+E37 -> 0 | F54: =+F37 -> 0 | G54: =+G37 -> 0
D55: B2. Gasto Etiquetado (sin incluir Amortización de la Deuda Pública) | E55: =+E17 -> 0 | F55: =+F17 -> 0 | G55: =+G17 -> 0
D56: C2. Remanentes de Transferencias Federales Etiquetadas aplicados en el periodo | E56: =+E20 -> 0 | F56: =+F20 -> 0 | G56: =+G20 -> 0
D57: VII. Balance Presupuestario de Recursos Etiquetados (VII = A2 + A3.2 – B2 + C2) | E57: =+E51+E52-E55+E56 -> 0 | F57: =+F51+F52-F55+F56 -> 0 | G57: =+G51+G52-G55+G56 -> 0
D58: VIII. Balance Presupuestario de Recursos Etiquetados sin Financiamiento Neto (VIII = VII – A3.2) | E58: =+E57-E52 -> 0 | F58: =+F57-F52 -> 0 | G58: =+G57-G52 -> 0

Sheet F5. EAID
A2: =+'F2. IADPyOP'!A2:I2 -> FISCALIA ESPECIALIZADA EN COMBATE A LA CORRUPCIÓN DEL ESTADO DE DURANGO
A3: Estado Analitico de ingresos Detallado - LDF
A4: del 1 de enero al 31 de diciembre de 2021 (b)
A5: (Pesos)
A7: Concepto ( c) | B7: Ingresos | G7: Diferencia ( e)
B8: Estimado (d) | C8: Ampliaciones/ (Reducciones) | D8: Modificado | E8: Devengado | F8: Recaudado
A9: Ingresos de Libre Disposición
A10: A. Impuestos | B10: 0 | C10: 0 | D10: =+B10+C10 -> 0 | E10: 0 | F10: 0 | G10: =+F10-B10 -> 0
A11: B. Cuotas y Aportaciones de Seguridad Social | B11: 0 | C11: 0 | D11: =+B11+C11 -> 0 | E11: 0 | F11: 0 | G11: =+F11-B11 -> 0
A12: C. Contribuciones de mejoras | B12: 0 | C12: 0 | D12: =+B12+C12 -> 0 | E12: 0 | F12: 0 | G12: =+F12-B12 -> 0
A13: D. Derechos | B13: 0 | C13: 0 | D13: =+B13+C13 -> 0 | E13: 0 | F13: 0 | G13: =+F13-B13 -> 0
A14: E. Productos | B14: 0 | C14: 4512 | D14: =+B14+C14 -> 4512 | E14: 4512 | F14: 4512 | G14: =+F14-B14 -> 4512
A15: F. Aprovechamientos | B15: 0 | C15: 0 | D15: =+B15+C15 -> 0 | E15: 0 | F15: 0 | G15: =+F15-B15 -> 0
A16: G. Ingresos por Venta de Bienes y Servicios | B16: 0 | C16: 0 | D16: =+B16+C16 -> 0 | E16: 0 | F16: 0 | G16: =+F16-B16 -> 0
A17: H. Participaciones (H=h1+h2+h3+h4+h5+h6+h7+h8+h9+h10+h11) | B17: =SUM(B18:B28) -> 0 | C17: =SUM(C18:C28) -> 0 | D17: =+B17+C17 -> 0 | E17: =SUM(E18:E28) -> 0 | F17: =SUM(F18:F28) -> 0 | G17: =+F17-B17 -> 0
A18: h1) Fondo General de Participaciones | B18: 0 | C18: 0 | D18: =+B18+C18 -> 0 | E18: 0 | F18: 0 | G18: =+F18-B18 -> 0
A19: h2) Fondo de Fomento Municipal | B19: 0 | C19: 0 | D19: =+B19+C19 -> 0 | E19: 0 | F19: 0 | G19: =+F19-B19 -> 0
A20: h3) Fondo de Fiscalización y Recaudación | B20: 0 | C20: 0 | D20: =+B20+C20 -> 0 | E20: 0 | F20: 0 | G20: =+F20-B20 -> 0
A21: h4) Fondo de Compensación | B21: 0 | C21: 0 | D21: =+B21+C21 -> 0 | E21: 0 | F21: 0 | G21: =+F21-B21 -> 0
A22: h5) Fondo de Extracción de Hidrocarburos | B22: 0 | C22: 0 | D22: =+B22+C22 -> 0 | E22: 0 | F22: 0 | G22: =+F22-B22 -> 0
A23: h6) Impuesto Especial Sobre Producción y servicios | B23: 0 | C23: 0 | D23: =+B23+C23 -> 0 | E23: 0 | F23: 0 | G23: =+F23-B23 -> 0
A24: h7) 0.136% de la Recaudación Federal Participable | B24: 0 | C24: 0 | D24: =+B24+C24 -> 0 | E24: 0 | F24: 0 | G24: =+F24-B24 -> 0
A25: h8) 3.17% Sobre Extracción de Petróleo | B25: 0 | C25: 0 | D25: =+B25+C25 -> 0 | E25: 0 | F25: 0 | G25: =+F25-B25 -> 0
A26: h9) Gasolinas y Diésel | B26: 0 | C26: 0 | D26: =+B26+C26 -> 0 | E26: 0 | F26: 0 | G26: =+F26-B26 -> 0
A27: h10) Fondo del Impuesto Sobre la Renta | B27: 0 | C27: 0 | D27: =+B27+C27 -> 0 | E27: 0 | F27: 0 | G27: =+F27-B27 -> 0
A28: h11) Fondo de Estabilización de los Ingresos de las Entidades Federativas | B28: 0 | C28: 0 | D28: =+B28+C28 -> 0 | E28: 0 | F28: 0 | G28: =+F28-B28 -> 0
A29: I. Incentivos Derivados de la Colaboración Fiscal (I=i1+i2+i3+i4+i5) | B29: =SUM(B30:B34) -> 0 | C29: =SUM(C30:C34) -> 0 | D29: =+B29+C29 -> 0 | E29: =SUM(E30:E34) -> 0 | F29: =SUM(F30:F34) -> 0 | G29: =+F29-B29 -> 0
A30: i1) Tenencia o Uso de Vehículos | B30: 0 | C30: 0 | D30: =+B30+C30 -> 0 | E30: 0 | F30: 0 | G30: =+F30-B30 -> 0
A31: i2) Fondo de compensación ISAN | B31: 0 | C31: 0 | D31: =+B31+C31 -> 0 | E31: 0 | F31: 0 | G31: =+F31-B31 -> 0
A32: i3) Impuesto Sobre Automóviles Nuevos | B32: 0 | C32: 0 | D32: =+B32+C32 -> 0 | E32: 0 | F32: 0 | G32: =+F32-B32 -> 0
A33: i4) Fondo de Compensación de Repecos-Intermedios | B33: 0 | C33: 0 | D33: =+B33+C33 -> 0 | E33: 0 | F33: 0 | G33: =+F33-B33 -> 0
A34: i5) Otros Incentivos Económicos | B34: 0 | C34: 0 | D34: =+B34+C34 -> 0 | E34: 0 | F34: 0 | G34: =+F34-B34 -> 0
A35: J. Transferencias | B35: 25409097 | C35: 1450000 | D35: =+B35+C35 -> 26859097 | E35: 26859097 | F35: 26859097 | G35: =+F35-B35 -> 1450000
A36: K. Convenios | B36: =+B37 -> 0 | C36: =+C37 -> 0 | D36: =+B36+C36 -> 0 | E36: =+E37 -> 0 | F36: =+F37 -> 0 | G36: =+F36-B36 -> 0
A37: k1) Otros Convenios y Subsidios | B37: 0 | C37: 0 | D37: =B37+C37 -> 0 | E37: 0 | F37: 0 | G37: =+F37-B37 -> 0
A38: L. Otros ingresos de Libre Disposición (L=l1+l2) | B38: =+B39+B40 -> 0 | C38: =+C39+C40 -> 0 | D38: =+B38+C38 -> 0 | E38: =+E39+E40 -> 0 | F38: =+F39+F40 -> 0 | G38: =+F38-B38 -> 0
A39: l1) Participaciones en Ingresos Locales | B39: 0 | C39: 0 | D39: =+B39+C39 -> 0 | E39: 0 | F39: 0 | G39: =+F39-B39 -> 0
A40: l2) Otros Ingresos de Libre Disposición | B40: 0 | C40: 0 | D40: =+B40+C40 -> 0 | E40: 0 | F40: 0 | G40: =+F40-B40 -> 0
A41: I. Total de ingresos de Libre Disposición (I=A+B+C+D+E+F+G+H+I+J+K+L) | B41: =+B10+B11+B12+B13+B14+B15+B16+B17+B29+B35+B36+B38 -> 25409097 | C41: =+C10+C11+C12+C13+C14+C15+C16+C17+C29+C35+C36+C38 -> 1454512 | D41: =+B41+C41 -> 26863609 | E41: =+E10+E11+E12+E13+E14+E15+E16+E17+E29+E35+E36+E38 -> 26863609 | F41: =+F10+F11+F12+F13+F14+F15+F16+F17+F29+F35+F36+F38 -> 26863609 | G41: =+F41-B41 -> 1454512
A42: Ingresos Excedentes de Ingresos de Libre Disposición
A43: Transferencias Federales Etiquetadas
A44: A. Aportaciones (A=a1+a2+a3+a4+a5+a6+a7+a8) | B44: =SUM(B45:B52) -> 0 | C44: =SUM(C45:C52) -> 0 | D44: =+B44+C44 -> 0 | E44: =SUM(E45:E52) -> 0 | F44: =SUM(F45:F52) -> 0 | G44: =+F44-B44 -> 0
A45: a1) Fondo de Aportaciones para la Nómina Educativa y Gasto Operativo | B45: 0 | C45: 0 | D45: =+B45+C45 -> 0 | E45: 0 | F45: 0 | G45: =+F45-B45 -> 0
A46: a2) Fondo de Aportaciones para los Servicios de Salud | B46: 0 | C46: 0 | D46: =+B46+C46 -> 0 | E46: 0 | F46: 0 | G46: =+F46-B46 -> 0
A47: a3) Fondo de Aportaciones para la Infraestructura Social | B47: 0 | C47: 0 | D47: =+B47+C47 -> 0 | E47: 0 | F47: 0 | G47: =+F47-B47 -> 0
A48: a4) Fondo de Aportaciones para el Fortalecimiento de los Municipios y de las Demarcaciones Territoriales del Distrito Federal | B48: 0 | C48: 0 | D48: =+B48+C48 -> 0 | E48: 0 | F48: 0 | G48: =+F48-B48 -> 0
A49: a5) Fondo de Aportaciones Múltiples | B49: 0 | C49: 0 | D49: =+B49+C49 -> 0 | E49: 0 | F49: 0 | G49: =+F49-B49 -> 0
A50: a6) Fondo de Aportaciones Para la Educación Tecnológica y de Adultos | B50: 0 | C50: 0 | D50: =+B50+C50 -> 0 | E50: 0 | F50: 0 | G50: =+F50-B50 -> 0
A51: a7) Fondo de Aportaciones para la Seguridad Publica de los Estados y del Distrito Federal | B51: 0 | C51: 0 | D51: =+B51+C51 -> 0 | E51: 0 | F51: 0 | G51: =+F51-B51 -> 0
A52: a8) Fondo de Aportaciones para el Fortalecimiento de las Entidades Federativas | B52: 0 | C52: 0 | D52: =+B52+C52 -> 0 | E52: 0 | F52: 0 | G52: =+F52-B52 -> 0
A53: B. Convenios (B=b1+b2+b3+b4) | B53: =SUM(B54:B57) -> 0 | C53: =SUM(C54:C57) -> 0 | D53: =+B53+C53 -> 0 | E53: =SUM(E54:E57) -> 0 | F53: =SUM(F54:F57) -> 0 | G53: =+F53-B53 -> 0
A54: b1) Convenios de Protección social en Salud | B54: 0 | C54: 0 | D54: =+B54+C54 -> 0 | E54: 0 | F54: 0 | G54: =+F54-B54 -> 0
A55: b2) Convenios de Descentralización | B55: 0 | C55: 0 | D55: =+B55+C55 -> 0 | E55: 0 | F55: 0 | G55: =+F55-B55 -> 0
A56: b3) Convenios de Reasignación | B56: 0 | C56: 0 | D56: =+B56+C56 -> 0 | E56: 0 | F56: 0 | G56: =+F56-B56 -> 0
A57: b4) Otros convenios y Subsidios | B57: 0 | C57: 0 | D57: =+B57+C57 -> 0 | E57: 0 | F57: 0 | G57: =+F57-B57 -> 0
A58: C.Fondos Distintos de Aportaciones (C=c1+c2) | B58: =+B59+B60 -> 0 | C58: =+C59+C60 -> 0 | D58: =+B58+C58 -> 0 | E58: =+E59+E60 -> 0 | F58: =+F59+F60 -> 0 | G58: =+F58-B58 -> 0
A59: c1) Fondo para Entidades Federativas y Municipios Productores de Hidrocarburos | B59: 0 | C59: 0 | D59: =+B59+C59 -> 0 | E59: 0 | F59: 0 | G59: =+F59-B59 -> 0
A60: c2) Fondo Minero | B60: 0 | C60: 0 | D60: =+B60+C60 -> 0 | E60: 0 | F60: 0 | G60: =+F60-B60 -> 0
A61: D. Transferencias, Subsidios y Subvenciones, y Pensiones y Jubilaciones | B61: 0 | C61: 0 | D61: =+B61+C61 -> 0 | E61: 0 | F61: 0 | G61: =+F61-B61 -> 0
A62: E. Otras Transferencias Federales Etiquetadas | B62: 0 | C62: 0 | D62: =+B62+C62 -> 0 | E62: 0 | F62: 0 | G62: =+F62-B62 -> 0
A63: II. Total de Transferencias federales Etiquetas (II=A+B+C+D+E) | B63: =+B44+B53+B58+B61+B62 -> 0 | C63: =+C44+C53+C58+C61+C62 -> 0 | D63: =+B63+C63 -> 0 | E63: =+E44+E53+E58+E61+E62 -> 0 | F63: =+F44+F53+F58+F61+F62 -> 0 | G63: =+F63-B63 -> 0
A64: III. Ingresos Derivados de Financiamientos (III=A) | B64: =+B65 -> 0 | C64: =+C65 -> 1109490 | D64: =+B64+C64 -> 1109490 | E64: =+E65 -> 0 | F64: =+F65 -> 0 | G64: =+F64-B64 -> 0
A65: A. Ingresos Derivados de Financiamientos | B65: 0 | C65: 1109490 | D65: =+B65+C65 -> 1109490 | E65: 0 | F65: 0 | G65: =+F65-B65 -> 0
A66: IV. Total de Ingresos (IV=I+II+III) | B66: =+B41+B63+B64 -> 25409097 | C66: =+C41+C63+C64 -> 2564002 | D66: =+B66+C66 -> 27973099 | E66: =+E41+E63+E64 -> 26863609 | F66: =+F41+F63+F64 -> 26863609 | G66: =+F66-B66 -> 1454512
A67: Datos Informativos | B67: 0 | C67: 0 | D67: =+B67+C67 -> 0 | E67: 0 | F67: 0 | G67: =+F67-B67 -> 0
A68: 1. Ingresos Derivados de Financiamientos con Fuente de Pago de Ingresos de Libre Disposición | B68: 0 | C68: 1109490 | D68: =+B68+C68 -> 1109490 | E68: 0 | F68: 0 | G68: =+F68-B68 -> 0
A69: 2. Ingresos Derivados de Financiamientos con Fuente de Pago de Transferencias Federales Etiquetadas | B69: 0 | C69: 0 | D69: =+B69+C69 -> 0 | E69: 0 | F69: 0 | G69: =+F69-B69 -> 0
A70: 3. Ingresos Derivados de financiamientos (3=1+2) | B70: =+B68+B69 -> 0 | C70: =+C68+C69 -> 1109490 | D70: =+B70+C70 -> 1109490 | E70: =+E68+E69 -> 0 | F70: =+F68+F69 -> 0 | G70: =+F70-B70 -> 0
A71: FUENTE: Elaborados con información del CONAC. Criterios para la elaboracion y presentación homogénea de la información financiera y de los formatos a que hace referencia la Ley de Disciplina Financiera de las Entidades Federativas y los Municipios.
A72: NOTA: Se adjunta archivo que contiene instructivo de llenado de los formatos "Cuadros CONAC Criterios".

Sheet F6a. EAEPE OG
B2: FISCALIA ESPECIALIZADA EN COMBATE A LA CORRUPCIÓN DEL ESTADO DE DURANGO
B3: Estado Analítico del Ejercicio del Presupuesto de Egresos Detallado - LDF
B4: Clasificación por Objeto del Gasto (Capítulo y Concepto)
B5: Del 1 de enero al 31 de diciembre de 2021
B7: Concepto | I7: Subejercicio
D8: Aprobado | E8: Ampliaciones/ (Reducciones) | F8: Modificado | G8: Devengado | H8: Pagado
D9: 1 | E9: 2 | F9: 3 = ( 1+2 ) | G9: 4 | H9: 5 | I9: 6 = ( 3-4 )
B10: I. Gasto No Etiquetado | D10: =+D11+D19+D29+D39+D49+D59+D63+D71+D75 -> 25409097 | E10: =+E11+E19+E29+E39+E49+E59+E63+E71+E75 -> 2561032.4 | F10: =+D10+E10 -> 27970129 | G10: =+G11+G19+G29+G39+G49+G59+G63+G71+G75 -> 26818315 | H10: =+H11+H19+H29+H39+H49+H59+H63+H71+H75 -> 26805926 | I10: =+F10-G10 -> 1151814.8
B11: A. Servicios Personales | D11: =SUM(D12:D18) -> 21861672 | E11: =SUM(E12:E18) -> 1608533.5 | F11: =+D11+E11 -> 23470206 | G11: =SUM(G12:G18) -> 22318391 | H11: =SUM(H12:H18) -> 22318016 | I11: =+F11-G11 -> 1151814.8
B12: a1) | C12: Remuneraciones al Personal de Carácter Permanente | D12: 9149013 | E12: 446653.76 | F12: =D12+E12 -> 9595666.8 | G12: 9595666.8 | H12: 9595666.8 | I12: =+F12-G12 -> 0
B13: a2) | C13: Remuneraciones al Personal de Carácter Transitorio | D13: 0 | E13: 224150.68 | F13: =D13+E13 -> 224150.68 | G13: 224150.68 | H13: 224150.68 | I13: =+F13-G13 -> 0
B14: a3) | C14: Remuneraciones Adicionales y Especiales | D14: 10969103 | E14: 469088.21 | F14: =D14+E14 -> 11438191 | G14: 11438191 | H14: 11438191 | I14: =+F14-G14 -> 0
B15: a4) | C15: Seguridad Social | D15: 1615341 | E15: -554958.96 | F15: =D15+E15 -> 1060382 | G15: 1060382 | H15: 1060006.9 | I15: =+F15-G15 -> 0
B16: a5) | C16: Otras Prestaciones Sociales y Económicas | D16: 0 | E16: 0 | F16: =+D16+E16 -> 0 | G16: 0 | H16: 0 | I16: =+F16-G16 -> 0
B17: a6) | C17: Previsiones | D17: 128215 | E17: 1023599.8 | F17: =+D17+E17 -> 1151814.8 | G17: 0 | H17: 0 | I17: =+F17-G17 -> 1151814.8
B18: a7) | C18: Pago de Estímulos a Servidores Públicos | D18: 0 | E18: 0 | F18: =+D18+E18 -> 0 | G18: 0 | H18: 0 | I18: =+F18-G18 -> 0
B19: B. Materiales y Suministros | D19: =SUM(D20:D28) -> 355686 | E19: =SUM(E20:E28) -> 216453.68 | F19: =+D19+E19 -> 572139.68 | G19: =SUM(G20:G28) -> 572139.68 | H19: =SUM(H20:H28) -> 572139.68 | I19: =+F19-G19 -> 0
B20: b1) | C20: Materiales de Administración Emisión de Documentos y Artículos Oficiales | D20: 101280 | E20: 31966.19 | F20: =D20+E20 -> 133246.19 | G20: 133246.19 | H20: 133246.19 | I20: =+F20-G20 -> 0
B21: b2) | C21: Alimentos y Utensilios | D21: 18000 | E21: 12068.34 | F21: =D21+E21 -> 30068.34 | G21: 30068.34 | H21: 30068.34 | I21: =+F21-G21 -> 0
B22: b3) | C22: Materias Primas y Materiales de Producción y Comercialización | D22: 0 | E22: 0 | F22: =D22+E22 -> 0 | G22: 0 | H22: 0 | I22: =+F22-G22 -> 0
B23: b4) | C23: Materiales y Artículos de Construcción y de Reparación | D23: 0 | E23: 30812.22 | F23: =D23+E23 -> 30812.22 | G23: 30812.22 | H23: 30812.22 | I23: =+F23-G23 -> 0
B24: b5) | C24: Productos Químicos, Farmacéuticos y de Laboratorio | D24: 12000 | E24: -7288.35 | F24: =D24+E24 -> 4711.65 | G24: 4711.65 | H24: 4711.65 | I24: =+F24-G24 -> 0
B25: b6) | C25: Combustibles, Lubricantes y Aditivos | D25: 196806 | E25: 98154.02 | F25: =D25+E25 -> 294960.02 | G25: 294960.02 | H25: 294960.02 | I25: =+F25-G25 -> 0
B26: b7) | C26: Vestuario, Blancos, Prendas de Protección y Artículos Deportivos | D26: 15600 | E26: 11823.05 | F26: =D26+E26 -> 27423.05 | G26: 27423.05 | H26: 27423.05 | I26: =+F26-G26 -> 0
B27: b8) | C27: Materiales y Suministros para Seguridad | D27: 0 | E27: 0 | F27: =D27+E27 -> 0 | G27: 0 | H27: 0 | I27: =+F27-G27 -> 0
B28: b9) | C28: Herramientas, Refacciones y Accesorios Menores | D28: 12000 | E28: 38918.21 | F28: =D28+E28 -> 50918.21 | G28: 50918.21 | H28: 50918.21 | I28: =+F28-G28 -> 0
B29: C. Servicios Generales | D29: =SUM(D30:D38) -> 1865685 | E29: =SUM(E30:E38) -> 1035024.4 | F29: =+D29+E29 -> 2900709.4 | G29: =SUM(G30:G38) -> 2900709.4 | H29: =SUM(H30:H38) -> 2888695.6 | I29: =+F29-G29 -> 0
B30: c1) | C30: Servicios Básicos | D30: 256401 | E30: 64850.8 | F30: =D30+E30 -> 321251.8 | G30: 321251.8 | H30: 314086.8 | I30: =+F30-G30 -> 0
B31: c2) | C31: Servicios de Arrendamiento | D31: 72000 | E31: 16556.55 | F31: =D31+E31 -> 88556.55 | G31: 88556.55 | H31: 88556.55 | I31: =+F31-G31 -> 0
B32: c3) | C32: Servicios Profesionales, Científicos, Técnicos y Otros Servicios | D32: 186000 | E32: 239627.74 | F32: =D32+E32 -> 425627.74 | G32: 425627.74 | H32: 420778.93 | I32: =+F32-G32 -> 0
B33: c4) | C33: Servicios Financieros, Bancarios y Comerciales | D33: 68000 | E33: -50900.19 | F33: =D33+E33 -> 17099.81 | G33: 17099.81 | H33: 17099.81 | I33: =+F33-G33 -> 0
B34: c5) | C34: Servicios de Instalación, Reparación, Mantenimiento y Conservación | D34: 970653 | E34: 629348.63 | F34: =D34+E34 -> 1600001.6 | G34: 1600001.6 | H34: 1600001.6 | I34: =+F34-G34 -> 0
B35: c6) | C35: Servicios de Comunicación Social y Publicidad | D35: 0 | E35: 23299.8 | F35: =D35+E35 -> 23299.8 | G35: 23299.8 | H35: 23299.8 | I35: =+F35-G35 -> 0
B36: c7) | C36: Servicios de Traslado y Viáticos | D36: 287631 | E36: 54119.07 | F36: =D36+E36 -> 341750.07 | G36: 341750.07 | H36: 341750.07 | I36: =+F36-G36 -> 0
B37: c8) | C37: Servicios Oficiales | D37: 0 | E37: 19906.99 | F37: =D37+E37 -> 19906.99 | G37: 19906.99 | H37: 19906.99 | I37: =+F37-G37 -> 0
B38: c9) | C38: Otros Servicios Generales | D38: 25000 | E38: 38215 | F38: =D38+E38 -> 63215 | G38: 63215 | H38: 63215 | I38: =+F38-G38 -> 0
B39: D. Transferencias, Asignaciones, Subsidios y Otras Ayudas | D39: =SUM(D40:D48) -> 0 | E39: =SUM(E40:E48) -> 0 | F39: =+D39+E39 -> 0 | G39: =SUM(G40:G48) -> 0 | H39: =SUM(H40:H48) -> 0 | I39: =+F39-G39 -> 0
B40: d1) | C40: Transferencias Internas y Asignaciones al Sector Publico | D40: 0 | E40: 0 | F40: =+D40+E40 -> 0 | G40: 0 | H40: 0 | I40: =+F40-G40 -> 0
B41: d2) | C41: Transferencias al Resto del Sector Publico | D41: 0 | E41: 0 | F41: =+D41+E41 -> 0 | G41: 0 | H41: 0 | I41: =+F41-G41 -> 0
B42: d3) | C42: Subsidios y Subvenciones | D42: 0 | E42: 0 | F42: =+D42+E42 -> 0 | G42: 0 | H42: 0 | I42: =+F42-G42 -> 0
B43: d4) | C43: Ayudas Sociales | D43: 0 | E43: 0 | F43: =+D43+E43 -> 0 | G43: 0 | H43: 0 | I43: =+F43-G43 -> 0
B44: d5) | C44: Pensiones y Jubilaciones | D44: 0 | E44: 0 | F44: =+D44+E44 -> 0 | G44: 0 | H44: 0 | I44: =+F44-G44 -> 0
B45: d6) | C45: Transferencias a Fideicomisos Mandatos y Otros Análogos | D45: 0 | E45: 0 | F45: =+D45+E45 -> 0 | G45: 0 | H45: 0 | I45: =+F45-G45 -> 0
B46: d7) | C46: Transferencias a la Seguridad Social | D46: 0 | E46: 0 | F46: =+D46+E46 -> 0 | G46: 0 | H46: 0 | I46: =+F46-G46 -> 0
B47: d8) | C47: Donativos | D47: 0 | E47: 0 | F47: =+D47+E47 -> 0 | G47: 0 | H47: 0 | I47: =+F47-G47 -> 0
B48: d9) | C48: Transferencias al Exterior | D48: 0 | E48: 0 | F48: =+D48+E48 -> 0 | G48: 0 | H48: 0 | I48: =+F48-G48 -> 0
B49: E. Bienes Muebles | D49: =SUM(D50:D58) -> 1326054 | E49: =SUM(E50:E58) -> -298979.17 | F49: =+D49+E49 -> 1027074.8 | G49: =SUM(G50:G58) -> 1027074.8 | H49: =SUM(H50:H58) -> 1027074.8 | I49: =+F49-G49 -> 0
B50: e1) | C50: Mobiliario y Equipo de Administración | D50: 611054 | E50: -304256.03 | F50: =D50+E50 -> 306797.97 | G50: 306797.97 | H50: 306797.97 | I50: =+F50-G50 -> 0
B51: e2) | C51: Mobiliario y Equipo Educacional y Recreativo | D51: 15000 | E51: -12690 | F51: =D51+E51 -> 2310 | G51: 2310 | H51: 2310 | I51: =+F51-G51 -> 0
B52: e3) | C52: Equipo e Instrumental Médico y de Laboratorio | D52: 0 | E52: 0 | F52: =D52+E52 -> 0 | G52: 0 | H52: 0 | I52: =+F52-G52 -> 0
B53: e4) | C53: Vehículos y Equipo de Transporte | D53: 400000 | E53: 251900 | F53: =D53+E53 -> 651900 | G53: 651900 | H53: 651900 | I53: =+F53-G53 -> 0
B54: e5) | C54: Equipo de Defensa y Seguridad | D54: 300000 | E54: -300000 | F54: =D54+E54 -> 0 | G54: 0 | H54: 0 | I54: =+F54-G54 -> 0
B55: e6) | C55: Maquinaria, Otros Equipos y Herramientas | D55: 0 | E55: 58188.14 | F55: =D55+E55 -> 58188.14 | G55: 58188.14 | H55: 58188.14 | I55: =+F55-G55 -> 0
B56: e7) | C56: Activos Biológicos | D56: 0 | E56: 0 | F56: =D56+E56 -> 0 | G56: 0 | H56: 0 | I56: =+F56-G56 -> 0
B57: e8) | C57: Bienes Inmuebles | D57: 0 | E57: 0 | F57: =D57+E57 -> 0 | G57: 0 | H57: 0 | I57: =+F57-G57 -> 0
B58: e9) | C58: Activos Intangibles | D58: 0 | E58: 7878.72 | F58: =D58+E58 -> 7878.72 | G58: 7878.72 | H58: 7878.72 | I58: =+F58-G58 -> 0
B59: F. Inversión Publica | D59: =SUM(D60:D62) -> 0 | E59: =SUM(E60:E62) -> 0 | F59: =+D59+E59 -> 0 | G59: =SUM(G60:G62) -> 0 | H59: =SUM(H60:H62) -> 0 | I59: =+F59-G59 -> 0
B60: f1) | C60: Obra Publica en Bienes de Dominio Publico | D60: 0 | E60: 0 | F60: =+D60+E60 -> 0 | G60: 0 | H60: 0 | I60: =+F60-G60 -> 0
B61: f2) | C61: Obra Publica en Bienes Propios | D61: 0 | E61: 0 | F61: =+D61+E61 -> 0 | G61: 0 | H61: 0 | I61: =+F61-G61 -> 0
B62: f3) | C62: Proyectos Productivos y Acciones de Fomento | D62: 0 | E62: 0 | F62: =+D62+E62 -> 0 | G62: 0 | H62: 0 | I62: =+F62-G62 -> 0
B63: G. Inversiones Financieras y Otras Provisiones | D63: =SUM(D64:D70) -> 0 | E63: =SUM(E64:E70) -> 0 | F63: =+D63+E63 -> 0 | G63: =SUM(G64:G70) -> 0 | H63: =SUM(H64:H70) -> 0 | I63: =+F63-G63 -> 0
B64: g1) | C64: Inversiones para el fomento de Actividades Productivas | D64: 0 | E64: 0 | F64: =+D64+E64 -> 0 | G64: 0 | H64: 0 | I64: =+F64-G64 -> 0
B65: g2) | C65: Acciones y Participaciones de Capital | D65: 0 | E65: 0 | F65: =+D65+E65 -> 0 | G65: 0 | H65: 0 | I65: =+F65-G65 -> 0
B66: g3) | C66: Compra de Títulos y Valores | D66: 0 | E66: 0 | F66: =+D66+E66 -> 0 | G66: 0 | H66: 0 | I66: =+F66-G66 -> 0
B67: g4) | C67: Concesión de Préstamos | D67: 0 | E67: 0 | F67: =+D67+E67 -> 0 | G67: 0 | H67: 0 | I67: =+F67-G67 -> 0
B68: g5) | C68: Inversiones en Fideicomisos, Mandatos y Otros Análogos | D68: 0 | E68: 0 | F68: =+D68+E68 -> 0 | G68: 0 | H68: 0 | I68: =+F68-G68 -> 0
B69: g6) | C69: Otras Inversiones Financieras | D69: 0 | E69: 0 | F69: =+D69+E69 -> 0 | G69: 0 | H69: 0 | I69: =+F69-G69 -> 0
B70: g7) | C70: Provisiones para Contingencias y Otras Erogaciones Especiales | D70: 0 | E70: 0 | F70: =+D70+E70 -> 0 | G70: 0 | H70: 0 | I70: =+F70-G70 -> 0
B71: H. Participaciones y Aportaciones | D71: =SUM(D72:D74) -> 0 | E71: =SUM(E72:E74) -> 0 | F71: =+D71+E71 -> 0 | G71: =SUM(G72:G74) -> 0 | H71: =SUM(H72:H74) -> 0 | I71: =+F71-G71 -> 0
B72: h1) | C72: Participaciones | D72: 0 | E72: 0 | F72: =+D72+E72 -> 0 | G72: 0 | H72: 0 | I72: =+F72-G72 -> 0
B73: h2) | C73: Aportaciones | D73: 0 | E73: 0 | F73: =+D73+E73 -> 0 | G73: 0 | H73: 0 | I73: =+F73-G73 -> 0
B74: h3) | C74: Convenios | D74: 0 | E74: 0 | F74: =+D74+E74 -> 0 | G74: 0 | H74: 0 | I74: =+F74-G74 -> 0
B75: I. Deuda Publica | D75: =SUM(D76:D82) -> 0 | E75: =SUM(E76:E82) -> 0 | F75: =+D75+E75 -> 0 | G75: =SUM(G76:G82) -> 0 | H75: =SUM(H76:H82) -> 0 | I75: =+F75-G75 -> 0
B76: i1) | C76: Amortización de la Deuda Publica | D76: 0 | E76: 0 | F76: =+D76+E76 -> 0 | G76: 0 | H76: 0 | I76: =+F76-G76 -> 0
B77: i2) | C77: Intereses de la Deuda Publica | D77: 0 | E77: 0 | F77: =+D77+E77 -> 0 | G77: 0 | H77: 0 | I77: =+F77-G77 -> 0
B78: i3) | C78: Comisiones de la Deuda Pública | D78: 0 | E78: 0 | F78: =+D78+E78 -> 0 | G78: 0 | H78: 0 | I78: =+F78-G78 -> 0
B79: i4) | C79: Gastos de la Deuda Pública | D79: 0 | E79: 0 | F79: =+D79+E79 -> 0 | G79: 0 | H79: 0 | I79: =+F79-G79 -> 0
B80: i5) | C80: Costo por Coberturas | D80: 0 | E80: 0 | F80: =+D80+E80 -> 0 | G80: 0 | H80: 0 | I80: =+F80-G80 -> 0
B81: i6) | C81: Apoyos Financieros | D81: 0 | E81: 0 | F81: =+D81+E81 -> 0 | G81: 0 | H81: 0 | I81: =+F81-G81 -> 0
B82: i7) | C82: Adeudos de Ejercicios Fiscales Anteriores (Adefas) | D82: 0 | E82: 0 | F82: =+D82+E82 -> 0 | G82: 0 | H82: 0 | I82: =+F82-G82 -> 0
B83: II. Gasto Etiquetado | D83: =+D84+D92+D102+D112+D122+D132+D136+D144+D148 -> 0 | E83: =+E84+E92+E102+E112+E122+E132+E136+E144+E148 -> 0 | F83: =+D83+E83 -> 0 | G83: =+G84+G92+G102+G112+G122+G132+G136+G144+G148 -> 0 | H83: =+H84+H92+H102+H112+H122+H132+H136+H144+H148 -> 0 | I83: =+F83-G83 -> 0
B84: A. Servicios Personales | D84: =SUM(D85:D91) -> 0 | E84: =SUM(E85:E91) -> 0 | F84: =+D84+E84 -> 0 | G84: =SUM(G85:G91) -> 0 | H84: =SUM(H85:H91) -> 0 | I84: =+F84-G84 -> 0
B85: a1) | C85: Remuneraciones al Personal de Carácter Permanente | D85: 0 | E85: 0 | F85: =+D85+E85 -> 0 | G85: 0 | H85: 0 | I85: =+F85-G85 -> 0
B86: a2) | C86: Remuneraciones al Personal de Carácter Transitorio | D86: 0 | E86: 0 | F86: =+D86+E86 -> 0 | G86: 0 | H86: 0 | I86: =+F86-G86 -> 0
B87: a3) | C87: Remuneraciones Adicionales y Especiales | D87: 0 | E87: 0 | F87: =+D87+E87 -> 0 | G87: 0 | H87: 0 | I87: =+F87-G87 -> 0
B88: a4) | C88: Seguridad Social | D88: 0 | E88: 0 | F88: =+D88+E88 -> 0 | G88: 0 | H88: 0 | I88: =+F88-G88 -> 0
B89: a5) | C89: Otras Prestaciones Sociales y Económicas | D89: 0 | E89: 0 | F89: =+D89+E89 -> 0 | G89: 0 | H89: 0 | I89: =+F89-G89 -> 0
B90: a6) | C90: Previsiones | D90: 0 | E90: 0 | F90: =+D90+E90 -> 0 | G90: 0 | H90: 0 | I90: =+F90-G90 -> 0
B91: a7) | C91: Pago de Estímulos a Servidores Públicos | D91: 0 | E91: 0 | F91: =+D91+E91 -> 0 | G91: 0 | H91: 0 | I91: =+F91-G91 -> 0
B92: B. Materiales y Suministros | D92: =SUM(D93:D101) -> 0 | E92: =SUM(E93:E101) -> 0 | F92: =+D92+E92 -> 0 | G92: =SUM(G93:G101) -> 0 | H92: =SUM(H93:H101) -> 0 | I92: =+F92-G92 -> 0
B93: b1) | C93: Materiales de Administración Emisión de Documentos y Artículos Oficiales | D93: 0 | E93: 0 | F93: =+D93+E93 -> 0 | G93: 0 | H93: 0 | I93: =+F93-G93 -> 0
B94: b2) | C94: Alimentos y Utensilios | D94: 0 | E94: 0 | F94: =+D94+E94 -> 0 | G94: 0 | H94: 0 | I94: =+F94-G94 -> 0
B95: b3) | C95: Materias Primas y Materiales de Producción y Comercialización | D95: 0 | E95: 0 | F95: =+D95+E95 -> 0 | G95: 0 | H95: 0 | I95: =+F95-G95 -> 0
B96: b4) | C96: Materiales y Artículos de Construcción y de Reparación | D96: 0 | E96: 0 | F96: =+D96+E96 -> 0 | G96: 0 | H96: 0 | I96: =+F96-G96 -> 0
B97: b5) | C97: Productos Químicos, Farmacéuticos y de Laboratorio | D97: 0 | E97: 0 | F97: =+D97+E97 -> 0 | G97: 0 | H97: 0 | I97: =+F97-G97 -> 0
B98: b6) | C98: Combustibles, Lubricantes y Aditivos | D98: 0 | E98: 0 | F98: =+D98+E98 -> 0 | G98: 0 | H98: 0 | I98: =+F98-G98 -> 0
B99: b7) | C99: Vestuario, Blancos, Prendas de Protección y Artículos Deportivos | D99: 0 | E99: 0 | F99: =+D99+E99 -> 0 | G99: 0 | H99: 0 | I99: =+F99-G99 -> 0
B100: b8) | C100: Materiales y Suministros para Seguridad | D100: 0 | E100: 0 | F100: =+D100+E100 -> 0 | G100: 0 | H100: 0 | I100: =+F100-G100 -> 0
B101: b9) | C101: Herramientas, Refacciones y Accesorios Menores | D101: 0 | E101: 0 | F101: =+D101+E101 -> 0 | G101: 0 | H101: 0 | I101: =+F101-G101 -> 0
B102: C. Servicios Generales | D102: =SUM(D103:D111) -> 0 | E102: =SUM(E103:E111) -> 0 | F102: =+D102+E102 -> 0 | G102: =SUM(G103:G111) -> 0 | H102: =SUM(H103:H111) -> 0 | I102: =+F102-G102 -> 0
...

Sheet F6b. EAEPE ADMVA
A1: =+'F5. EAID'!A2:G2 -> FISCALIA ESPECIALIZADA EN COMBATE A LA CORRUPCIÓN DEL ESTADO DE DURANGO
A2: Estado Analítico del Ejercicio del Presupuesto de Egresos - LDF
A3: Clasificación Administrativa
A4: Del 1 de enero al 31 de diciembre de 2021
A5: (Pesos)
A7: Concepto | B7: Egresos | G7: Subejercicio
B8: Aprobado | C8: Ampliaciones/ (Reducciones) | D8: Modificado | E8: Devengado | F8: Pagado
A9: I. Gasto No Etiquetado (I=A+B+C+D+E+F+G+H) | B9: =SUM(B10:B22) -> 25409097 | C9: =SUM(C10:C22) -> 2564272.4 | D9: =SUM(D10:D22) -> 27973369 | E9: =SUM(E10:E22) -> 26821285 | F9: =SUM(F10:F22) -> 26808896 | G9: =SUM(G10:G22) -> 1152084.8
A10: Fiscal | B10: 4781213 | C10: -683662.87 | D10: =B10+C10 -> 4097550.1 | E10: 4097550.1 | F10: 4097550.1 | G10: =+D10-E10 -> 0
A11: Comunicación Social | B11: 1000 | C11: 24853.01 | D11: =B11+C11 -> 25853.01 | E11: 25583.01 | F11: 25583.01 | G11: =+D11-E11 -> 270
A12: Vicefiscalía de Investigación | B12: 1950262 | C12: 286083.67 | D12: =B12+C12 -> 2236345.7 | E12: 2236345.7 | F12: 2236345.7 | G12: =+D12-E12 -> 0
A13: Coordinación de Agentes de Ministerio Público | B13: 3591143 | C13: 445195.64 | D13: =B13+C13 -> 4036338.6 | E13: 4036338.6 | F13: 4036338.6 | G13: =+D13-E13 -> 0
A14: Agencia de Ministerio Público Itinerante | B14: 0 | C14: 585902.27 | D14: =B14+C14 -> 585902.27 | E14: 585902.27 | F14: 585902.27 | G14: =+D14-E14 -> 0
A15: Oficina de Representación de Gómez Palacio | B15: 0 | C15: 513498.69 | D15: =B15+C15 -> 513498.69 | E15: 513498.69 | F15: 513498.69 | G15: =+D15-E15 -> 0
A16: Unidad de Análisis Estratégico de Contexto y Métodos de Investigación | B16: 2121793 | C16: -31667.77 | D16: =B16+C16 -> 2090125.2 | E16: 2090125.2 | F16: 2090125.2 | G16: =+D16-E16 -> 0
A17: Vicefiscalía Jurídica | B17: 1846567 | C17: -314710.76 | D17: =B17+C17 -> 1531856.2 | E17: 1531856.2 | F17: 1531856.2 | G17: =+D17-E17 -> 0
A18: Dirección Serviicos Periciales | B18: 1709244 | C18: 201767.98 | D18: =B18+C18 -> 1911012 | E18: 1911012 | F18: 1911012 | G18: =+D18-E18 -> 0
A19: Dirección de Policía Investigadora | B19: 1979780 | C19: 566685.6 | D19: =B19+C19 -> 2546465.6 | E19: 2546465.6 | F19: 2546465.6 | G19: =+D19-E19 -> 0
A20: Coordinación de Planeación y Evaluación | B20: 1942643 | C20: 153882.94 | D20: =B20+C20 -> 2096525.9 | E20: 2096525.9 | F20: 2096525.9 | G20: =+D20-E20 -> 0
A21: Coordinación de Servicios Administrativos | B21: 4698252 | C21: 860773.88 | D21: =B21+C21 -> 5559025.9 | E21: 4407211.1 | F21: 4394822.2 | G21: =+D21-E21 -> 1151814.8
A22: Contraloría Interna | B22: 787200 | C22: -44329.87 | D22: =B22+C22 -> 742870.13 | E22: 742870.13 | F22: 742870.13 | G22: =+D22-E22 -> 0
A23: II. Gasto Etiquetado (II=A+B+C+D+E+F+G+H) | B23: =SUM(B24:B31) -> 0 | C23: =SUM(C24:C31) -> 0 | D23: =SUM(D24:D31) -> 0 | E23: =SUM(E24:E31) -> 0 | F23: =SUM(F24:F31) -> 0 | G23: =+D23-E23 -> 0
A24: A. Dependencia o Unidad Administrativa 1 | B24: 0 | C24: 0 | D24: =+B24+C24 -> 0 | E24: 0 | F24: 0 | G24: =+D24-E24 -> 0
A25: B. Dependencia o Unidad Administrativa 2 | B25: 0 | C25: 0 | D25: =+B25+C25 -> 0 | E25: 0 | F25: 0 | G25: =+D25-E25 -> 0
A26: C. Dependencia o Unidad Administrativa 3 | B26: 0 | C26: 0 | D26: =+B26+C26 -> 0 | E26: 0 | F26: 0 | G26: =+D26-E26 -> 0
A27: D. Dependencia o Unidad Administrativa 4 | B27: 0 | C27: 0 | D27: =+B27+C27 -> 0 | E27: 0 | F27: 0 | G27: =+D27-E27 -> 0
A28: E. Dependencia o Unidad Administrativa 5 | B28: 0 | C28: 0 | D28: =+B28+C28 -> 0 | E28: 0 | F28: 0 | G28: =+D28-E28 -> 0
A29: F. Dependencia o Unidad Administrativa 6 | B29: 0 | C29: 0 | D29: =+B29+C29 -> 0 | E29: 0 | F29: 0 | G29: =+D29-E29 -> 0
A30: G. Dependencia o Unidad Administrativa 7 | B30: 0 | C30: 0 | D30: =+B30+C30 -> 0 | E30: 0 | F30: 0 | G30: =+D30-E30 -> 0
A31: H. Dependencia o Unidad Administrativa 8 | B31: 0 | C31: 0 | D31: =+B31+C31 -> 0 | E31: 0 | F31: 0 | G31: =+D31-E31 -> 0
A33: III. Total de Egresos | B33: =+B9+B23 -> 25409097 | C33: =+C9+C23 -> 2564272.4 | D33: =+D9+D23 -> 27973369 | E33: =+E9+E23 -> 26821285 | F33: =+F9+F23 -> 26808896 | G33: =+G9+G23 -> 1152084.8

Sheet F6c. EAEPE FUNCION
B1: FISCALIA ESPECIALIZADA EN COMBATE A LA CORRUPCIÓN DEL ESTADO DE DURANGO
B2: Estado Analítico del Ejercicio del Presupuesto de Egresos Detallado - LDF
B3: Clasificación Funcional (Finalidad y Función)
B4: Del 1 de enero al 31 de diciembre de 2021
B5: (Pesos)
B7: Concepto | D7: Egresos | I7: Subejercicio
D8: Aprobado | E8: Ampliaciones/ Reducciones | F8: Modificado | G8: Devengado | H8: Pagado
B10: I. Gasto No Etiquetado (I=A+B+C+D) | D10: =+D11+D20+D28+D38 -> 25409097 | E10: =+E11+E20+E28+E38 -> 2564002.4 | F10: =+D10+E10 -> 27973099 | G10: =+G11+G20+G28+G38 -> 26821285 | H10: =+H11+H20+H28+H38 -> 26808896 | I10: =+F10-G10 -> 1151814.8
B11: A. Gobierno (A=a1+a2+a3+a4+a5+a6+a7+a8) | D11: =SUM(D12:D19) -> 25409097 | E11: =SUM(E12:E19) -> 2564002.4 | F11: =+D11+E11 -> 27973099 | G11: =SUM(G12:G19) -> 26821285 | H11: =SUM(H12:H19) -> 26808896 | I11: =+F11-G11 -> 1151814.8
C12: a1) Legislación | D12: 0 | E12: 0 | F12: =+D12+E12 -> 0 | G12: 0 | H12: 0 | I12: =+F12-G12 -> 0
C13: a2) Justicia | D13: 25409097 | E13: 2564002.4 | F13: =D13+E13 -> 27973099 | G13: 26821285 | H13: 26808896 | I13: =+F13-G13 -> 1151814.8
C14: a3) Coordinación de la Política de Gobierno | D14: 0 | E14: 0 | F14: =+D14+E14 -> 0 | G14: 0 | H14: 0 | I14: =+F14-G14 -> 0
C15: a4) Relaciones Exteriores | D15: 0 | E15: 0 | F15: =+D15+E15 -> 0 | G15: 0 | H15: 0 | I15: =+F15-G15 -> 0
C16: a5) Asuntos Financieros y Hacendarios | D16: 0 | E16: 0 | F16: =+D16+E16 -> 0 | G16: 0 | H16: 0 | I16: =+F16-G16 -> 0
C17: a6) Seguridad Nacional | D17: 0 | E17: 0 | F17: =+D17+E17 -> 0 | G17: 0 | H17: 0 | I17: =+F17-G17 -> 0
C18: a7) Asuntos de Orden Público y de Seguridad Interior | D18: 0 | E18: 0 | F18: =+D18+E18 -> 0 | G18: 0 | H18: 0 | I18: =+F18-G18 -> 0
C19: a8) Otros Servicios Generales | D19: 0 | E19: 0 | F19: =+D19+E19 -> 0 | G19: 0 | H19: 0 | I19: =+F19-G19 -> 0
B20: B. Desarrollo Social (B=b1+b2+b3+b4+b5+b6+b7) | D20: =SUM(D21:D27) -> 0 | E20: =SUM(E21:E27) -> 0 | F20: =+D20+E20 -> 0 | G20: =SUM(G21:G27) -> 0 | H20: =SUM(H21:H27) -> 0 | I20: =+F20-G20 -> 0
C21: b1) Protección Ambiental | D21: 0 | E21: 0 | F21: =+D21+E21 -> 0 | G21: 0 | H21: 0 | I21: =+F21-G21 -> 0
C22: b2) Vivienda y Servicios a la Comunidad | D22: 0 | E22: 0 | F22: =+D22+E22 -> 0 | G22: 0 | H22: 0 | I22: =+F22-G22 -> 0
C23: b3) Salud | D23: 0 | E23: 0 | F23: =+D23+E23 -> 0 | G23: 0 | H23: 0 | I23: =+F23-G23 -> 0
C24: b4) Recreación, Cultura y Otras Manifestaciones Sociales | D24: 0 | E24: 0 | F24: =+D24+E24 -> 0 | G24: 0 | H24: 0 | I24: =+F24-G24 -> 0
C25: b5) Educación | D25: 0 | E25: 0 | F25: =+D25+E25 -> 0 | G25: 0 | H25: 0 | I25: =+F25-G25 -> 0
C26: b6) Protección Social | D26: 0 | E26: 0 | F26: =+D26+E26 -> 0 | G26: 0 | H26: 0 | I26: =+F26-G26 -> 0
C27: b7) Otros Asuntos Sociales | D27: 0 | E27: 0 | F27: =+D27+E27 -> 0 | G27: 0 | H27: 0 | I27: =+F27-G27 -> 0
B28: C. Desarrollo Económico (C=c1+c2+c3+c4+c5+c6+c7+c8+c9) | D28: =SUM(D29:D37) -> 0 | E28: =SUM(E29:E37) -> 0 | F28: =+D28+E28 -> 0 | G28: =SUM(G29:G37) -> 0 | H28: =SUM(H29:H37) -> 0 | I28: =+F28-G28 -> 0
C29: c1) Asuntos Económicos, Comerciales y Laborales en General | D29: 0 | E29: 0 | F29: =+D29+E29 -> 0 | G29: 0 | H29: 0 | I29: =+F29-G29 -> 0
C30: c2) Agropecuaria, Silvicultura, Pesca y Caza | D30: 0 | E30: 0 | F30: =+D30+E30 -> 0 | G30: 0 | H30: 0 | I30: =+F30-G30 -> 0
C31: c3) Combustibles y Energía | D31: 0 | E31: 0 | F31: =+D31+E31 -> 0 | G31: 0 | H31: 0 | I31: =+F31-G31 -> 0
C32: c4) Minería, Manufacturas y Construcción | D32: 0 | E32: 0 | F32: =+D32+E32 -> 0 | G32: 0 | H32: 0 | I32: =+F32-G32 -> 0
C33: c5) Transporte | D33: 0 | E33: 0 | F33: =+D33+E33 -> 0 | G33: 0 | H33: 0 | I33: =+F33-G33 -> 0
C34: c6) Comunicaciones | D34: 0 | E34: 0 | F34: =+D34+E34 -> 0 | G34: 0 | H34: 0 | I34: =+F34-G34 -> 0
C35: c7) Turismo | D35: 0 | E35: 0 | F35: =+D35+E35 -> 0 | G35: 0 | H35: 0 | I35: =+F35-G35 -> 0
C36: c8) Ciencia, Tecnología e Innovación | D36: 0 | E36: 0 | F36: =+D36+E36 -> 0 | G36: 0 | H36: 0 | I36: =+F36-G36 -> 0
C37: c9) Otras Industrias y Otros Asuntos Económicos | D37: 0 | E37: 0 | F37: =+D37+E37 -> 0 | G37: 0 | H37: 0 | I37: =+F37-G37 -> 0
B38: D. Otras No Clasificadas en Funciones Anteriores (D=d1+d2+d3+d4) | D38: =SUM(D39:D42) -> 0 | E38: =SUM(E39:E42) -> 0 | F38: =+D38+E38 -> 0 | G38: =SUM(G39:G42) -> 0 | H38: =SUM(H39:H42) -> 0 | I38: =+F38-G38 -> 0
C39: d1) Transacciones de la Deuda Publica / Costo Financiero de la Deuda | D39: 0 | E39: 0 | F39: =+D39+E39 -> 0 | G39: 0 | H39: 0 | I39: =+F39-G39 -> 0
C40: d2) Transferencias, Participaciones y Aportaciones Entre Diferentes Niveles y Ordenes de Gobierno | D40: 0 | E40: 0 | F40: =+D40+E40 -> 0 | G40: 0 | H40: 0 | I40: =+F40-G40 -> 0
C41: d3) Saneamiento del Sistema Financiero | D41: 0 | E41: 0 | F41: =+D41+E41 -> 0 | G41: 0 | H41: 0 | I41: =+F41-G41 -> 0
C42: d4) Adeudos de Ejercicios Fiscales Anteriores | D42: 0 | E42: 0 | F42: =+D42+E42 -> 0 | G42: 0 | H42: 0 | I42: =+F42-G42 -> 0
B43: II. Gasto Etiquetado (II=A+B+C+D) | D43: =+D44+D53+D61+D71 -> 0 | E43: =+E44+E53+E61+E71 -> 0 | F43: =+D43+E43 -> 0 | G43: =+G44+G53+G61+G71 -> 0 | H43: =+H44+H53+H61+H71 -> 0 | I43: =+F43-G43 -> 0
B44: A. Gobierno (A=a1+a2+a3+a4+a5+a6+a7+a8) | D44: =SUM(D45:D52) -> 0 | E44: =SUM(E45:E52) -> 0 | F44: =+D44+E44 -> 0 | G44: =SUM(G45:G52) -> 0 | H44: =SUM(H45:H52) -> 0 | I44: =+F44-G44 -> 0
C45: a1) Legislación | D45: 0 | E45: 0 | F45: =+D45+E45 -> 0 | G45: 0 | H45: 0 | I45: =+F45-G45 -> 0
C46: a2) Justicia | D46: 0 | E46: 0 | F46: =+D46+E46 -> 0 | G46: 0 | H46: 0 | I46: =+F46-G46 -> 0
C47: a3) Coordinación de la Política de Gobierno | D47: 0 | E47: 0 | F47: =+D47+E47 -> 0 | G47: 0 | H47: 0 | I47: =+F47-G47 -> 0
C48: a4) Relaciones Exteriores | D48: 0 | E48: 0 | F48: =+D48+E48 -> 0 | G48: 0 | H48: 0 | I48: =+F48-G48 -> 0
C49: a5) Asuntos Financieros y Hacendarios | D49: 0 | E49: 0 | F49: =+D49+E49 -> 0 | G49: 0 | H49: 0 | I49: =+F49-G49 -> 0
C50: a6) Seguridad Nacional | D50: 0 | E50: 0 | F50: =+D50+E50 -> 0 | G50: 0 | H50: 0 | I50: =+F50-G50 -> 0
C51: a7) Asuntos de Orden Público y de Seguridad Interior | D51: 0 | E51: 0 | F51: =+D51+E51 -> 0 | G51: 0 | H51: 0 | I51: =+F51-G51 -> 0
C52: a8) Otros Servicios Generales | D52: 0 | E52: 0 | F52: =+D52+E52 -> 0 | G52: 0 | H52: 0 | I52: =+F52-G52 -> 0
B53: B. Desarrollo Social (B=b1+b2+b3+b4+b5+b6+b7) | D53: =SUM(D54:D60) -> 0 | E53: =SUM(E54:E60) -> 0 | F53: =+D53+E53 -> 0 | G53: =SUM(G54:G60) -> 0 | H53: =SUM(H54:H60) -> 0 | I53: =+F53-G53 -> 0
C54: b1) Protección Ambiental | D54: 0 | E54: 0 | F54: =+D54+E54 -> 0 | G54: 0 | H54: 0 | I54: =+F54-G54 -> 0
C55: b2) Vivienda y Servicios a la Comunidad | D55: 0 | E55: 0 | F55: =+D55+E55 -> 0 | G55: 0 | H55: 0 | I55: =+F55-G55 -> 0
C56: b3) Salud | D56: 0 | E56: 0 | F56: =+D56+E56 -> 0 | G56: 0 | H56: 0 | I56: =+F56-G56 -> 0
C57: b4) Recreación, Cultura y Otras Manifestaciones Sociales | D57: 0 | E57: 0 | F57: =+D57+E57 -> 0 | G57: 0 | H57: 0 | I57: =+F57-G57 -> 0
C58: b5) Educación | D58: 0 | E58: 0 | F58: =+D58+E58 -> 0 | G58: 0 | H58: 0 | I58: =+F58-G58 -> 0
C59: b6) Protección Social | D59: 0 | E59: 0 | F59: =+D59+E59 -> 0 | G59: 0 | H59: 0 | I59: =+F59-G59 -> 0
C60: b7) Otros Asuntos Sociales | D60: 0 | E60: 0 | F60: =+D60+E60 -> 0 | G60: 0 | H60: 0 | I60: =+F60-G60 -> 0
B61: C. Desarrollo Económico (C=c1+c2+c3+c4+c5+c6+c7+c8+c9) | D61: =SUM(D62:D70) -> 0 | E61: =SUM(E62:E70) -> 0 | F61: =+D61+E61 -> 0 | G61: =SUM(G62:G70) -> 0 | H61: =SUM(H62:H70) -> 0 | I61: =+F61-G61 -> 0
C62: c1) Asuntos Económicos, Comerciales y Laborales en General | D62: 0 | E62: 0 | F62: =+D62+E62 -> 0 | G62: 0 | H62: 0 | I62: =+F62-G62 -> 0
C63: c2) Agropecuaria, Silvicultura, Pesca y Caza | D63: 0 | E63: 0 | F63: =+D63+E63 -> 0 | G63: 0 | H63: 0 | I63: =+F63-G63 -> 0
C64: c3) Combustibles y Energía | D64: 0 | E64: 0 | F64: =+D64+E64 -> 0 | G64: 0 | H64: 0 | I64: =+F64-G64 -> 0
C65: c4) Minería, Manufacturas y Construcción | D65: 0 | E65: 0 | F65: =+D65+E65 -> 0 | G65: 0 | H65: 0 | I65: =+F65-G65 -> 0
C66: c5) Transporte | D66: 0 | E66: 0 | F66: =+D66+E66 -> 0 | G66: 0 | H66: 0 | I66: =+F66-G66 -> 0
C67: c6) Comunicaciones | D67: 0 | E67: 0 | F67: =+D67+E67 -> 0 | G67: 0 | H67: 0 | I67: =+F67-G67 -> 0
C68: c7) Turismo | D68: 0 | E68: 0 | F68: =+D68+E68 -> 0 | G68: 0 | H68: 0 | I68: =+F68-G68 -> 0
C69: c8) Ciencia, Tecnología e Innovación | D69: 0 | E69: 0 | F69: =+D69+E69 -> 0 | G69: 0 | H69: 0 | I69: =+F69-G69 -> 0
C70: c9) Otras Industrias y Otros Asuntos Económicos | D70: 0 | E70: 0 | F70: =+D70+E70 -> 0 | G70: 0 | H70: 0 | I70: =+F70-G70 -> 0
B71: D. Otras No Clasificadas en Funciones Anteriores (D=d1+d2+d3+d4) | D71: =SUM(D72:D75) -> 0 | E71: =SUM(E72:E75) -> 0 | F71: =+D71+E71 -> 0 | G71: =SUM(G72:G75) -> 0 | H71: =SUM(H72:H75) -> 0 | I71: =+F71-G71 -> 0
C72: d1) Transacciones de la Deuda Publica / Costo Financiero de la Deuda | D72: 0 | E72: 0 | F72: =+D72+E72 -> 0 | G72: 0 | H72: 0 | I72: =+F72-G72 -> 0
C73: d2) Transferencias, Participaciones y Aportaciones Entre Diferentes Niveles y Ordenes de Gobierno | D73: 0 | E73: 0 | F73: =+D73+E73 -> 0 | G73: 0 | H73: 0 | I73: =+F73-G73 -> 0
C74: d3) Saneamiento del Sistema Financiero | D74: 0 | E74: 0 | F74: =+D74+E74 -> 0 | G74: 0 | H74: 0 | I74: =+F74-G74 -> 0
C75: d4) Adeudos de Ejercicios Fiscales Anteriores | D75: 0 | E75: 0 | F75: =+D75+E75 -> 0 | G75: 0 | H75: 0 | I75: =+F75-G75 -> 0
B76: III. Total de Egresos (III = I + II) | D76: =+D10+D43 -> 25409097 | E76: =+E10+E43 -> 2564002.4 | F76: =+D76+E76 -> 27973099 | G76: =+G10+G43 -> 26821285 | H76: =+H10+H43 -> 26808896 | I76: =+F76-G76 -> 1151814.8

Sheet F6d. EAEPE SP
B2: =+'F6c. EAEPE FUNCION'!B1:I1 -> FISCALIA ESPECIALIZADA EN COMBATE A LA CORRUPCIÓN DEL ESTADO DE DURANGO
B3: Estado Analítico del Ejercicio del Presupuesto de Egresos Detallado - LDF
B4: Clasificación de Servicios Personales por Categoría
B5: Del 1 de enero al 31 de diciembre de 2021
B6: (Pesos)
B8: Concepto | C8: Egresos | H8: Subejercicio
C9: Aprobado | D9: Ampliaciones/ (Reducciones) | E9: Modificado | F9: Devengado | G9: Pagado
B10: I. Gasto No Etiquetado | C10: =SUM(C11:C20) -> 25409097 | D10: =SUM(D11:D20) -> 2564002.4 | E10: =+C10+D10 -> 27973099 | F10: =SUM(F11:F20) -> 26821285 | G10: =SUM(G11:G20) -> 26808896 | H10: =+E10-F10 -> 1151814.8
B11: A. Personal Administrativo y de Servicio Público | C11: 25409097 | D11: 2564002.4 | E11: =C11+D11 -> 27973099 | F11: 26821285 | G11: 26808896 | H11: =+E11-F11 -> 1151814.8
B12: B. Magisterio | C12: 0 | D12: 0 | E12: =+C12+D12 -> 0 | F12: 0 | G12: 0 | H12: =+E12-F12 -> 0
B13: C. Servicios de Salud | C13: 0 | D13: 0 | E13: =+C13+D13 -> 0 | F13: 0 | G13: 0 | H13: =+E13-F13 -> 0
B14: Personal Administrativo | C14: 0 | D14: 0 | E14: =+C14+D14 -> 0 | F14: 0 | G14: 0 | H14: =+E14-F14 -> 0
B15: Personal Médico, Paramédico y afín | C15: 0 | D15: 0 | E15: =+C15+D15 -> 0 | F15: 0 | G15: 0 | H15: =+E15-F15 -> 0
B16: D. Seguridad Pública | C16: 0 | D16: 0 | E16: =+C16+D16 -> 0 | F16: 0 | G16: 0 | H16: =+E16-F16 -> 0
B17: E. Gastos asociados a la implementación de nuevas leyes federales o reformas a las mismas | C17: 0 | D17: 0 | E17: =+C17+D17 -> 0 | F17: 0 | G17: 0 | H17: =+E17-F17 -> 0
B18: Nombre del Programa o Ley 1 | C18: 0 | D18: 0 | E18: =+C18+D18 -> 0 | F18: 0 | G18: 0 | H18: =+E18-F18 -> 0
B19: Nombre del Programa o Ley 2 | C19: 0 | D19: 0 | E19: =+C19+D19 -> 0 | F19: 0 | G19: 0 | H19: =+E19-F19 -> 0
B20: F. Sentencias laborales definitivas | C20: 0 | D20: 0 | E20: =+C20+D20 -> 0 | F20: 0 | G20: 0 | H20: =+E20-F20 -> 0
B22: II. Gasto Etiquetado | C22: 0 | D22: 0 | E22: =+C22+D22 -> 0 | F22: 0 | G22: 0 | H22: =+E22-F22 -> 0
B23: A. Personal Administrativo y de Servicio Público | C23: 0 | D23: 0 | E23: =+C23+D23 -> 0 | F23: 0 | G23: 0 | H23: =+E23-F23 -> 0
B24: B. Magisterio | C24: 0 | D24: 0 | E24: =+C24+D24 -> 0 | F24: 0 | G24: 0 | H24: =+E24-F24 -> 0
... B32: F. Sentencias laborales definitivas | C32: 0 | D32: 0 | E32: =+C32+D32 -> 0 | F32: 0 | G32: 0 | H32: =+E32-F32 -> 0
B34: III. Total del Gasto en Servicios Personales | C34: =+C10+C22 -> 25409097 | D34: =+D10+D22 -> 2564002.4 | E34: =+C34+D34 -> 27973099 | F34: =+F10+F22 -> 26821285 | G34: =+G10+G22 -> 26808896 | H34: =+E34-F34 -> 1151814.8
